 Dungeon Crawl Stone Soup version 0.31.0-12-g77e489cdc1 (webtiles) character file.

Game seed: 16432371197188425221

6 booth the Chopper (level 1, 0/16 HPs)
             Began as a Demonspawn Gladiator on Feb 23, 2024.
             Slain by an endoplasm (3 damage)
             ... on level 1 of the Dungeon.
             The game lasted 00:02:00 (272 turns).

booth the Chopper (Demonspawn Gladiator)             Turns: 272, Time: 00:02:00

Health: 0/16       AC:  4    Str: 14    XL:     1   Next: 75%
Magic:  1/1        EV: 12    Int:  8    God:
Gold:   45         SH:  0    Dex: 14    Spells: 0/0 levels left

rFire   . . .        a - +0 war axe
rCold   . . .        (no shield)
rNeg    . . .        b - +0 leather armour
rPois   .            c - +0 helmet
rElec   .            (no cloak)
rCorr   .            (no gloves)
SInv    .            (no boots)
Will    .....        (no amulet)
Stlth   +            (no ring)
HPRegen 0.22/turn    (no ring)
MPRegen 0.07/turn

%: no passive effects
@: no status effects
A: no striking features
a: no special abilities


You were on level 1 of the Dungeon.
You visited 1 branch of the dungeon, and saw 1 of its levels.

You collected 45 gold pieces.

Inventory:

Hand Weapons
 a - a +0 war axe (weapon)
Missiles
 d - 3 throwing nets (quivered)
 e - a javelin
Armour
 b - a +0 leather armour (worn)
 c - a +0 helmet (worn)


   Skills:
 + Level 2.1 Fighting
 + Level 2.8 Axes
 + Level 1.9 Throwing
 + Level 2.8 Dodging


You couldn't memorise any spells.
You didn't know any spells.
Your spell library contained the following spells:

 Spells                   Type           Power      Damage    Failure   Level
 Scorch                   Fire           0%         2d5       63%         2
 Volatile Blastmotes      Fire/Tloc      0%         2d10      86%         3
 Dimensional Bullseye     Hex/Tloc       0%         N/A       99%         4
 Fire Storm               Conj/Fire      0%         5d1       100%        9


Dungeon Overview and Level Annotations

Branches:
Dungeon (1/15)

Altars:


Message History

You pick up Zuet's Tractate on Location and Anthracomancy and begin reading...
It was Zuet's Tractate on Location and Anthracomancy.
You add the spells Scorch, Volatile Blastmotes, Dimensional Bullseye and Fire Storm to your library.
A kobold and an endoplasm come into view.
Found 9 gold pieces and 6 javelins.
The kobold shouts!
A gnoll comes into view. It is wielding a +0 spear.
Found a scroll labelled RUNIRA YFISM.
The endoplasm quivers.
You closely miss the kobold. The kobold misses you.
You hit the kobold.
The kobold is severely wounded.
The kobold barely misses you. x2
The endoplasm freezes you.
You are frozen.
The gnoll hits you from afar with a +0 spear!
Ouch! That really hurt!
The kobold hits you with a +0 short sword.
The endoplasm hits you but does no damage.
The gnoll misses you. The kobold misses you.
You hit the kobold.
You kill the kobold!
You hit the endoplasm. You closely miss the gnoll. The endoplasm freezes you.
You are frozen.
* * * LOW HITPOINT WARNING * * *
The gnoll barely misses you. The endoplasm closely misses you.
The gnoll closely misses you.
Things that are here:
a +0 short sword; a kobold corpse You closely miss the gnoll.
You hit the endoplasm but do no damage. The endoplasm freezes you.
You are frozen.
* * * LOW HITPOINT WARNING * * *
The gnoll closely misses you. The endoplasm closely misses you.
The gnoll barely misses you.
You hit the gnoll.
The gnoll is moderately wounded.
You barely miss the endoplasm. The endoplasm hits you.
You die...

##...... .......#
###............
.......#.
...............
.#.....#.
.......$.(.... .#
#####.####............
.# #.....#.........?..
.# #.....#............
.# #.....##..g.....#
.# ####.....##..@...#
................J...#
.######.....#########
.# #.....# .# #.....#
.######.....###
......).........
.###############
........


You could see a gnoll and an endoplasm.

Vanquished Creatures
  An endoplasm (D:1)
  A giant cockroach (D:1)
  A quokka (D:1)
  2 kobolds (D:1)
  A rat (D:1)
6 creatures vanquished.

Notes
Turn   | Place    | Note
-------+----------+-------------------------------------------
     0 | D:1      | booth the Demonspawn Gladiator began the quest for the Orb.
     0 | D:1      | Reached XP level 1. HP: 16/16 MP: 1/1
   259 | D:1      | Got Zuet's Tractate on Location and Anthracomancy
   272 | D:1      | Slain by an endoplasm

Illustrated notes

Levels and vault maps discovered:
D:1:      elethiomel_arrival_fortress_basement, layout_rooms

Action                     || total
---------------------------++-------
  Melee: War axe           ||    28
 Armour: Leather armour    ||    15
  Dodge: Dodged            ||    28
